Unix NetHack Version 5.0.0-0 post-release - last build May 31 2026 23:59:36 (970b52f25bf058293b47ddfd14a1e40e571c508c,branch:main).

Game began 2026-06-09 22:26:55, ended 2026-06-09 22:37:53.

Jobair, lawful female dwarven Archeologist

                         --------
           ------        |......|    -----       -----
           |....-####    |......|   #B...|       |...|
           |....|   #### |......|   @|...|       |...|
           |....+    ####|.....(|   d|...|       |...|             -----------
           |....|      ##-......|   #|..F.#      |...|             |...%%.%]/|
           |.`..|       #--------   #-----#      |....###          |.!???[.%+|
           -|-+--  #    #####  #    ###   ##     -|---  ###########-.]%[!!.?[|
            #      #       #######    #    #      #                |.=[.![.**|
            #      #          #  #    #    #      #                -----------
         ####     ###############     #    #      ####
    -----|-----    #            #     #    # --------.---
    |.........| ###0            ####  #    # |......<...|
    |.........| #            -+----.--#    ##...........|
    |..........##            |.......|#      |..........|
    -----------              |.>.....|#      ------------
                             |........#
                             ---------

Jobair the Digger          St:11 Dx:12 Co:12 In:15 Wi:14 Ch:11  Lawful
Dlvl:3  $:43 HP:0(22) Pw:2(2) AC:7  Xp:2 T:1115  Burdened

Latest messages:
 You see here a cram ration (for sale, 35 zorkmids).
 You see here a food ration (for sale, 45 zorkmids).
 That pink potion is a small mimic!
 You see here a murky potion (for sale, 67 zorkmids).
 You do not owe Luna anything.
 Godzilla drops a goober.
 You are carrying too much to get through.
 You are carrying too much to get through.
 You find a hidden passage.
 You swap places with Godzilla.
 You hear someone counting gold coins.
 The door resists!
 The door opens.
 You see here a silver saber.
 You have a little trouble lifting a silver saber.  Continue? [ynq] (q) y
 You have a little trouble lifting J - a silver saber.
 Your movements are slowed slightly because of your load.
 You see here a pink spellbook.
 You have a little trouble lifting K - a pink spellbook.
 You swap places with Godzilla.
 What do you want to drop?
 You drop a silver saber.
 You swap places with Godzilla.
 You see here a silver saber.
 You have a little trouble lifting J - a silver saber.
 What do you want to wield?
 J - a silver saber (weapon in right hand).
 The door resists!
 You climb up the stairs.
 Where do you want to travel to?
 (For instructions type a '?')
 You swap places with Godzilla.
 You swap places with Godzilla.
 The bat bites!
 You miss the bat.
 The bat bites!
 The bat bites!
 You miss the bat.
 The bat bites!
 The bat bites!
 You miss the bat.
 The bat bites!
 The bat bites!
 The bat bites!
 You die...
 Do you want your possessions identified? [ynq] (y) y
 Do you want to see your attributes? [ynq] (y) y
 Do you want an account of creatures vanquished? [ynaq] (y) y
 Do you want to see your conduct and achievements? [ynq] (y) y
 Do you want to see the dungeon overview? [ynq] (y) y

Inventory:
 Coins    ('$')
  $ - 43 gold pieces
 Weapons  (')')
  a - a +2 bullwhip
  J - a +0 silver saber (weapon in right hand)
 Armor    ('[')
  c - a blessed +0 fedora
  m - an uncursed +0 orcish helm
  B - an uncursed +0 orcish helm (being worn)
  k - an uncursed +0 elven cloak (being worn)
  h - an uncursed +0 leather jacket (being worn)
 Comestibles  ('%')
  d - 7 uncursed food rations
  l - an uncursed tripe ration
 Scrolls  ('?')
  j - an uncursed scroll of enchant weapon
  E - a cursed scroll of identify
  I - an uncursed scroll of punishment
  A - an uncursed scroll of teleportation
 Spellbooks  ('+')
  n - an uncursed spellbook of dig
  K - an uncursed spellbook of slow monster
 Potions  ('!')
  i - an uncursed potion of healing
  p - an uncursed potion of levitation
 Wands    ('/')
  H - a wand of probing (0:6)
 Tools    ('(')
  b - an uncursed sack containing 1 item
  G - an uncursed tallow candle
  f - a tinning kit (0:36)
 Gems/Stones  ('*')
  g - an uncursed touchstone

Contents of the sack:
  a +0 pick-axe

Jobair the Archeologist's attributes:

Background:
 You were a Digger, a level 2 female dwarven Archeologist.
 You were lawful, nominally on a mission for Quetzalcoatl
 who was opposed by Camaxtli (neutral) and Huhetotl (chaotic).
 You were right-handed.
 You were in the Dungeons of Doom, on level 3.
 You entered the dungeon 1115 turns ago.
 It was nighttime.
 You had 37 experience points, 3 more were needed to attain level 3.

Basics:
 You had 0 out of 22 hit points.
 You had both energy points (spell power).
 Your armor class was 7.
 Your wallet contained 43 zorkmids.
 Autopickup was off.

Final Characteristics:
 Your strength was 11 (limit:18/100).
 Your dexterity was 12 (limit:20).
 Your constitution was 12 (limit:20).
 Your intelligence was 15 (limit:16).
 Your wisdom was 14 (limit:16).
 Your charisma was 11 (limit:16).

Final Status:
 You weren't hungry.
 You were burdened; movement was slightly slowed.
 You were wielding a saber.
 You were unskilled in saber.

Final Attributes:
 You were devoutly aligned.
 You had automatic searching.
 You had infravision.
 You were stealthy.
 You were warded.
 You are dead.

Miscellaneous:
 You didn't encounter any bones levels.
 Total elapsed playing time was 10 minutes and 57 seconds.

Major events:
 Turn
    1: Jobair the lawful female dwarven Archeologist entered the dungeon
  560: entered the Gnomish Mines
 1115: killed by a bat

You didn't know any spells.

Skills:
 Fighting Skills
   bare handed combat [Unskilled]
   two weapon combat  [Unskilled]
   riding             [Unskilled]
 Weapon Skills
   dagger             [Unskilled]
   knife              [Unskilled]
   pick-axe           [Basic]
   short sword        [Unskilled]
   saber              [Unskilled]
   club               [Unskilled]
   quarterstaff       [Unskilled]
   sling              [Unskilled]
   dart               [Unskilled]
   boomerang          [Unskilled]
   whip               [Basic]
   unicorn horn       [Unskilled]
 Spellcasting Skills
   attack spells      [Unskilled]
   healing spells     [Unskilled]
   divination spells  [Unskilled]
   matter spells      [Unskilled]

Voluntary challenges:
 Character rerolling was not enabled.
 You were an atheist.
 You never genocided any monsters.
 You never polymorphed an object.
 You never changed form.
 You used no wishes.
Achievements:
 You entered a shop.
 You entered the Gnomish Mines.

 The Dungeons of Doom: levels 1 to 4
    Level 1:
       A fountain.
    Level 2:
       A scroll shop.
       Stairs down to The Gnomish Mines.
    Level 3: <- You were here.
       A general store.
       Final resting place for
          you, killed by a bat.
    Level 4:
       A vegetarian food shop, a fountain.
 The Gnomish Mines:
    Level 3:


Vanquished creatures:
  2 geckos
  2 goblins
  a sewer rat
  2 grid bugs
  a bat
  3 lichens
  2 kobold zombies
  3 newts
16 creatures vanquished.

No species were genocided or became extinct.

Game over:
                       ----------
                      /          \
                     /    REST    \
                    /      IN      \
                   /     PEACE      \
                  /                  \
                  |      Jobair      |
                  |      43 Au       |
                  | killed by a bat  |
                  |                  |
                  |                  |
                  |                  |
                  |       2026       |
                 *|     *  *  *      | *
        _________)/\\_//(\/(/\)/\//\/|_)_______

Goodbye Jobair the Archeologist...

You died in The Dungeons of Doom on dungeon level 3 with 337 points,
and 43 pieces of gold, after 1115 moves.
You were level 2 with a maximum of 22 hit points when you died.

